2862 views
Uploaded 2020-02-05 22:54:53
Game version 1.32 / 1.32.1
26:09 long 4on4 ladder game on (8)Battleground_LV
Saved by BEARAND
2862 views
Uploaded 2020-02-05 22:54:53
Game version 1.32 / 1.32.1
26:09 long 4on4 ladder game on (8)Battleground_LV


116 units @ 17.8k
/ 2.4k
54 buildings @ 7.5k
/ 3.3k

| Wisp | 9 | 540 | / | 0 |
| Huntress | 4 | 780 | / | 80 |
| Glaive Thrower | 7 | 1470 | / | 455 |
| Chimaera | 8 | 2640 | / | 560 |
| total: | 28 | 5430g | / | 1095w |
| Moon Well | 5 | 900 | / | 200 |
| Hunter's Hall | 1 | 210 | / | 100 |
| Ancient of War | 1 | 150 | / | 60 |
| Altar of Elders | 1 | 180 | / | 50 |
| Chimaera Roost | 3 | 420 | / | 570 |
| Tree of Ages | 1 | 320 | / | 180 |
| Tree of Eternity | 1 | 330 | / | 200 |
| total: | 11 | 1860g | / | 980w |
| 0:08 | Moon Well |
| 0:12 | Hunter's Hall |
| 0:18 | Wisp |
| 0:18 | Wisp |
| 0:41 | Wisp |
| 1:14 | Wisp |
| 1:15 | Wisp |
| 1:25 | Ancient of War |
| 1:33 | Wisp |
| 2:02 | Moon Well |
| 2:34 | Altar of Elders |
| 2:39 | Huntress |
| 2:41 | Huntress |
| 2:57 | Wisp |
| 3:14 | Huntress |
| 3:23 | Moon Well |
| 3:52 | Huntress |
| 4:29 | Tree of Ages |
| 4:49 | Glaive Thrower |
| 5:22 | Strength of the Moon |
| 5:32 | Glaive Thrower |
| 5:55 | Thorns Aura |
| 6:06 | Glaive Thrower |
| 6:18 | Moon Well |
| 6:33 | Glaive Thrower |
| 6:40 | Moon Armor |
| 6:53 | Ultravision |
| 7:15 | Moon Well |
| 7:41 | Glaive Thrower |
| 8:15 | Glaive Thrower |
| 8:28 | Improved Strength of the Moon |
| 9:24 | Force of Nature |
| 9:32 | Glaive Thrower |
| 9:46 | Tree of Eternity |
| 12:51 | Chimaera Roost |
| 12:57 | Chimaera Roost |
| 13:01 | Strength of the Wild |
| 13:03 | Reinforced Hides |
| 13:56 | Wisp |
| 13:56 | Wisp |
| 14:50 | Thorns Aura |
| 14:56 | Corrosive Breath |
| 14:58 | Chimaera |
| 14:59 | Chimaera |
| 15:01 | Chimaera |
| 15:04 | Chimaera |
| 16:38 | Chimaera |
| 16:40 | Chimaera |
| 16:58 | Improved Strength of the Wild |
| 17:03 | Chimaera |
| 17:49 | Chimaera |
| 18:02 | Chimaera Roost |
| Select | 180 |
| Right click | 99 |
| Build/train/purchase | 52 |
| Misc. action | 8 |
| Use ability | 5 |

| Scroll of Regeneration | 2 | 200 |
| Lesser Clarity Potion | 3 | 210 |
| total: | 5 | 410g |
| Peasant | 18 | 1350 | / | 0 |
| Rifleman | 12 | 2460 | / | 360 |
| Mortar Team | 4 | 720 | / | 280 |
| Crypt Fiend | 2 | 430 | / | 80 |
| Acolyte | 5 | 375 | / | 0 |
| total: | 41 | 5335g | / | 720w |
| Scout Tower | 3 | 90 | / | 60 |
| Arcane Tower | 2 | 140 | / | 100 |
| Guard Tower | 1 | 70 | / | 50 |
| Altar of Kings | 1 | 180 | / | 50 |
| Farm | 8 | 640 | / | 160 |
| Barracks | 1 | 160 | / | 60 |
| Blacksmith | 1 | 140 | / | 60 |
| Arcane Vault | 2 | 260 | / | 60 |
| Lumber Mill | 1 | 120 | / | 0 |
| Workshop | 3 | 420 | / | 420 |
| Keep | 1 | 320 | / | 210 |
| Castle | 1 | 360 | / | 210 |
| Sacrificial Pit | 1 | 75 | / | 150 |
| total: | 21 | 2085g | / | 1020w |
| 0:02 | Peasant |
| 0:02 | Peasant |
| 0:06 | Altar of Kings |
| 0:08 | Farm |
| 0:26 | Peasant |
| 0:27 | Peasant |
| 0:50 | Farm |
| 1:01 | Peasant |
| 1:01 | Peasant |
| 1:20 | Barracks |
| 1:35 | Blacksmith |
| 1:40 | Peasant |
| 1:40 | Peasant |
| 1:48 | Farm |
| 1:57 | Scout Tower |
| 2:00 | Peasant |
| 2:10 | Arcane Vault |
| 2:13 | Arcane Vault |
| 2:17 | Peasant |
| 2:19 | Storm Bolt |
| 2:54 | Arcane Tower |
| 3:57 | Peasant |
| 3:57 | Peasant |
| 4:04 | Rifleman |
| 4:06 | Scout Tower |
| 4:09 | Farm |
| 4:14 | Scroll of Regeneration |
| 4:15 | Lesser Clarity Potion |
| 4:25 | Rifleman |
| 4:35 | Peasant |
| 4:35 | Peasant |
| 4:42 | Arcane Tower |
| 5:03 | Rifleman |
| 5:06 | Keep |
| 5:23 | Lumber Mill |
| 5:48 | Rifleman |
| 6:19 | Rifleman |
| 6:37 | Bash |
| 6:40 | Rifleman |
| 6:46 | Scout Tower |
| 7:19 | Guard Tower |
| 7:21 | Rifleman |
| 7:25 | Black Gunpowder |
| 7:26 | Studded Leather Armor |
| 7:31 | Long Rifles |
| 8:21 | Workshop |
| 8:22 | Workshop |
| 8:25 | Workshop |
| 8:29 | Peasant |
| 8:29 | Peasant |
| 8:31 | Improved Lumber Harvesting |
| 8:40 | Peasant |
| 8:48 | Refined Gunpowder |
| 8:58 | Farm |
| 9:05 | Peasant |
| 9:23 | Rifleman |
| 9:41 | Scroll of Regeneration |
| 9:44 | Lesser Clarity Potion |
| 10:00 | Mortar Team |
| 10:47 | Mortar Team |
| 10:53 | Farm |
| 11:00 | Mortar Team |
| 11:19 | Mortar Team |
| 11:26 | Flare |
| 11:58 | Crypt Fiend |
| 12:17 | Castle |
| 12:22 | Rifleman |
| 12:48 | Rifleman |
| 12:52 | Acolyte |
| 12:53 | Acolyte |
| 12:53 | Acolyte |
| 12:53 | Acolyte |
| 12:53 | Acolyte |
| 12:57 | Web |
| 13:01 | Impale |
| 13:05 | Rifleman |
| 13:30 | Farm |
| 13:31 | Farm |
| 13:35 | Crypt Fiend |
| 13:38 | Sacrificial Pit |
| 13:42 | Creature Attack |
| 13:49 | Lesser Clarity Potion |
| 14:11 | Rifleman |
| 15:06 | Storm Bolt |
| Right click | 721 |
| Select | 283 |
| Select group | 193 |
| Misc. action | 171 |
| Chat | 142 |
| Build/train/purchase | 81 |
| Assign group | 33 |
| Use ability | 23 |
| Esc | 2 |
| Minimap ping | 2 |

| Rod of Necromancy | 2 | 300 |
| total: | 2 | 300g |
| Acolyte | 5 | 375 | / | 0 |
| Ghoul | 14 | 1680 | / | 0 |
| total: | 19 | 2055g | / | 0w |
| Nerubian Tower | 1 | 100 | / | 20 |
| Ziggurat | 4 | 600 | / | 200 |
| Altar of Darkness | 1 | 180 | / | 50 |
| Crypt | 2 | 400 | / | 100 |
| Graveyard | 1 | 215 | / | 0 |
| Tomb of Relics | 1 | 130 | / | 30 |
| Necropolis | 1 | 225 | / | 0 |
| Slaughterhouse | 1 | 140 | / | 135 |
| Temple of the Damned | 1 | 155 | / | 140 |
| Halls of the Dead | 1 | 320 | / | 210 |
| Black Citadel | 1 | 325 | / | 230 |
| total: | 12 | 2045g | / | 655w |
| 0:06 | Acolyte |
| 0:08 | Ziggurat |
| 0:29 | Altar of Darkness |
| 0:36 | Crypt |
| 0:40 | Acolyte |
| 1:02 | Ziggurat |
| 1:10 | Nerubian Tower |
| 1:39 | Ghoul |
| 1:47 | Graveyard |
| 1:54 | Tomb of Relics |
| 2:07 | Ghoul |
| 2:19 | Ghoul |
| 2:39 | Ziggurat |
| 2:55 | Ziggurat |
| 3:10 | Ghoul |
| 3:16 | Unholy Strength |
| 3:41 | Crypt |
| 3:56 | Rod of Necromancy |
| 4:06 | Ghoul |
| 4:20 | Unholy Armor |
| 4:42 | Ghoul |
| 4:46 | Ghoul |
| 5:29 | Ghoul |
| 5:36 | Ghoul |
| 5:39 | Cannibalize |
| 6:05 | Rod of Necromancy |
| 6:08 | Ghoul |
| 6:46 | Halls of the Dead |
| 6:53 | Vampiric Aura |
| 7:15 | Carrion Swarm |
| 8:40 | Ghoul |
| 8:40 | Ghoul |
| 8:41 | Ghoul |
| 9:18 | Ghoul |
| 9:28 | Black Citadel |
| 9:33 | Necropolis |
| 9:50 | Slaughterhouse |
| 10:51 | Temple of the Damned |
| 11:14 | Acolyte |
| 11:14 | Acolyte |
| 11:14 | Acolyte |
| Right click | 277 |
| Select | 96 |
| Build/train/purchase | 32 |
| Misc. action | 4 |
| Use ability | 1 |


| Healing Salve | 5 | 500 |
| Lesser Clarity Potion | 3 | 210 |
| Orb of Lightning | 1 | 375 |
| Potion of Mana | 2 | 400 |
| Tiny Great Hall | 1 | 600 |
| Potion of Healing | 2 | 300 |
| Scroll of Town Portal | 1 | 350 |
| Boots of Speed | 1 | 250 |
| Circlet of Nobility | 2 | 350 |
| Staff of Teleportation | 1 | 150 |
| Potion of Lesser Invulnerability | 1 | 150 |
| Rod of Necromancy | 1 | 150 |
| total: | 21 | 3785g |
| Peon | 12 | 900 | / | 0 |
| Wind Rider | 15 | 3975 | / | 600 |
| Flying Machine | 1 | 100 | / | 30 |
| total: | 28 | 4975g | / | 630w |
| Watch Tower | 1 | 110 | / | 80 |
| Altar of Storms | 1 | 180 | / | 50 |
| Orc Burrow | 4 | 640 | / | 160 |
| Voodoo Lounge | 1 | 130 | / | 30 |
| War Mill | 1 | 205 | / | 0 |
| Beastiary | 2 | 290 | / | 280 |
| Stronghold | 2 | 630 | / | 380 |
| Fortress | 1 | 325 | / | 190 |
| total: | 10 | 1555g | / | 600w |
| 0:07 | Altar of Storms |
| 0:09 | Peon |
| 0:09 | Peon |
| 0:27 | Orc Burrow |
| 0:31 | Peon |
| 0:44 | Peon |
| 0:47 | Peon |
| 0:56 | Peon |
| 1:23 | Orc Burrow |
| 1:25 | Peon |
| 1:31 | Voodoo Lounge |
| 1:34 | Peon |
| 1:43 | Peon |
| 2:03 | War Mill |
| 2:18 | Wind Walk |
| 2:29 | Stronghold |
| 3:30 | Watch Tower |
| 3:58 | Boots of Speed |
| 3:59 | Circlet of Nobility |
| 4:27 | Steel Ranged Weapons |
| 4:57 | Fortress |
| 5:13 | Critical Strike |
| 5:19 | Beastiary |
| 5:22 | Beastiary |
| 5:27 | Orc Burrow |
| 5:36 | Steel Armor |
| 5:45 | Healing Salve |
| 5:51 | Lesser Clarity Potion |
| 6:30 | Wind Rider |
| 7:07 | Wind Rider |
| 7:09 | Wind Rider |
| 7:24 | Orc Burrow |
| 8:03 | Wind Rider |
| 8:04 | Envenomed Spears |
| 8:30 | Wind Rider |
| 8:57 | Wind Rider |
| 9:30 | Circlet of Nobility |
| 9:51 | Healing Salve |
| 9:52 | Lesser Clarity Potion |
| 9:54 | Orb of Lightning |
| 10:26 | Wind Rider |
| 10:38 | Wind Walk |
| 10:44 | Potion of Mana |
| 11:00 | Thorium Ranged Weapons |
| 11:31 | Critical Strike |
| 11:44 | Scroll of Town Portal |
| 12:52 | Healing Salve |
| 13:00 | Tiny Great Hall |
| 13:04 | Endurance Aura |
| 13:37 | Arcanite Ranged Weapons |
| 13:39 | Healing Salve |
| 13:39 | Healing Salve |
| 13:42 | Lesser Clarity Potion |
| 14:28 | War Stomp |
| 16:05 | Wind Rider |
| 16:05 | Wind Rider |
| 16:05 | Wind Rider |
| 16:05 | Wind Rider |
| 16:51 | Peon |
| 16:51 | Peon |
| 16:51 | Peon |
| 18:16 | Endurance Aura |
| 18:20 | Critical Strike |
| 18:36 | Potion of Healing |
| 18:39 | Potion of Mana |
| 18:55 | Rod of Necromancy |
| 19:00 | Potion of Healing |
| 19:30 | Wind Rider |
| 19:30 | Wind Rider |
| 19:30 | Wind Rider |
| 20:34 | Staff of Teleportation |
| 20:56 | Wind Rider |
| 22:32 | Potion of Lesser Invulnerability |
| 22:54 | Flying Machine |
| Right click | 1366 |
| Select | 425 |
| Select group | 319 |
| Build/train/purchase | 176 |
| Assign group | 25 |
| Use ability | 19 |
| Item give/drop | 10 |
| Misc. action | 8 |
| Minimap ping | 5 |
| Esc | 3 |
120 units @ 10k
/ 0.7k
276 buildings @ 19.4k
/ 10.8k


| Healing Salve | 3 | 300 |
| Orb of Lightning | 1 | 375 |
| Boots of Speed | 2 | 500 |
| Staff of Teleportation | 1 | 150 |
| total: | 7 | 1325g |
| Peon | 16 | 1200 | / | 0 |
| Troll Batrider | 15 | 2400 | / | 600 |
| total: | 31 | 3600g | / | 600w |
| Watch Tower | 31 | 3410 | / | 2480 |
| Altar of Storms | 1 | 180 | / | 50 |
| Orc Burrow | 4 | 640 | / | 160 |
| War Mill | 1 | 205 | / | 0 |
| Voodoo Lounge | 3 | 390 | / | 90 |
| Great Hall | 1 | 385 | / | 185 |
| Beastiary | 5 | 725 | / | 700 |
| Stronghold | 1 | 315 | / | 190 |
| Fortress | 1 | 325 | / | 190 |
| total: | 46 | 5935g | / | 3665w |
| 0:02 | Peon |
| 0:02 | Peon |
| 0:05 | Altar of Storms |
| 0:18 | Orc Burrow |
| 0:32 | Peon |
| 0:33 | War Mill |
| 0:42 | Peon |
| 0:58 | Voodoo Lounge |
| 1:02 | Peon |
| 1:07 | Peon |
| 1:17 | Peon |
| 1:29 | Peon |
| 1:41 | Orc Burrow |
| 1:46 | Watch Tower |
| 1:50 | Peon |
| 2:03 | Watch Tower |
| 2:05 | Peon |
| 2:08 | Wind Walk |
| 2:17 | Healing Salve |
| 2:23 | Watch Tower |
| 2:26 | Peon |
| 2:43 | Watch Tower |
| 2:45 | Peon |
| 2:45 | Peon |
| 3:01 | Peon |
| 3:02 | Watch Tower |
| 3:41 | Watch Tower |
| 3:45 | Watch Tower |
| 3:48 | Watch Tower |
| 4:05 | Watch Tower |
| 4:30 | Stronghold |
| 4:36 | Critical Strike |
| 4:44 | Watch Tower |
| 4:50 | Watch Tower |
| 4:52 | Watch Tower |
| 5:06 | Watch Tower |
| 5:09 | Watch Tower |
| 5:53 | Watch Tower |
| 5:54 | Watch Tower |
| 5:56 | Watch Tower |
| 6:23 | Watch Tower |
| 6:42 | Orc Burrow |
| 6:45 | Watch Tower |
| 6:51 | Watch Tower |
| 6:57 | Reinforced Defenses |
| 7:10 | Watch Tower |
| 7:49 | Watch Tower |
| 8:09 | Boots of Speed |
| 8:10 | Staff of Teleportation |
| 8:25 | Watch Tower |
| 8:33 | Beastiary |
| 9:34 | Watch Tower |
| 9:38 | Beastiary |
| 9:42 | Wind Walk |
| 9:59 | Watch Tower |
| 10:07 | Troll Batrider |
| 10:18 | Peon |
| 10:18 | Peon |
| 10:25 | Great Hall |
| 10:30 | Hex |
| 10:38 | Watch Tower |
| 10:43 | Troll Batrider |
| 10:50 | Watch Tower |
| 10:52 | Troll Batrider |
| 10:53 | Fortress |
| 11:05 | Beastiary |
| 11:08 | Orc Burrow |
| 11:46 | Troll Batrider |
| 11:53 | Beastiary |
| 11:59 | Watch Tower |
| 12:04 | Watch Tower |
| 12:37 | Troll Batrider |
| 12:50 | Healing Salve |
| 13:02 | Voodoo Lounge |
| 13:04 | Voodoo Lounge |
| 13:16 | Liquid Fire |
| 13:17 | Steel Ranged Weapons |
| 13:18 | Steel Armor |
| 13:18 | Spiked Barricades |
| 13:43 | Boots of Speed |
| 13:50 | Orb of Lightning |
| 13:56 | Troll Batrider |
| 14:16 | Watch Tower |
| 14:18 | Watch Tower |
| 15:39 | Troll Batrider |
| 15:42 | Beastiary |
| 16:14 | Troll Batrider |
| 16:23 | Healing Salve |
| 16:53 | Thorium Ranged Weapons |
| 17:38 | Healing Wave |
| 18:15 | Troll Batrider |
| 18:16 | Troll Batrider |
| 18:45 | Critical Strike |
| 19:11 | Troll Batrider |
| 20:56 | Troll Batrider |
| 21:24 | Troll Batrider |
| 21:39 | Troll Batrider |
| 22:08 | Improved Spiked Barricades |
| 22:57 | Troll Batrider |
| 23:34 | Wind Walk |
| 24:00 | Arcanite Ranged Weapons |
| Right click | 1480 |
| Select | 425 |
| Select group | 409 |
| Chat | 220 |
| Misc. action | 105 |
| Use ability | 97 |
| Build/train/purchase | 81 |
| Assign group | 21 |
| Minimap ping | 7 |
| Esc | 3 |
| Item give/drop | 2 |
BEARAND
(26:07) : 


| Staff of Sanctuary | 5 | 1250 |
| Staff of Teleportation | 3 | 450 |
| Boots of Speed | 3 | 750 |
| Periapt of Vitality | 1 | 325 |
| Healing Salve | 2 | 200 |
| total: | 14 | 2975g |
| Peasant | 15 | 1125 | / | 0 |
| Priest | 1 | 135 | / | 10 |
| Siege Engine | 2 | 390 | / | 120 |
| total: | 18 | 1650g | / | 130w |
| Scout Tower | 39 | 1170 | / | 780 |
| Arcane Tower | 7 | 490 | / | 350 |
| Guard Tower | 25 | 1750 | / | 1250 |
| Altar of Kings | 1 | 180 | / | 50 |
| Farm | 8 | 640 | / | 160 |
| Lumber Mill | 1 | 120 | / | 0 |
| Arcane Vault | 1 | 130 | / | 30 |
| Town Hall | 1 | 385 | / | 205 |
| Blacksmith | 1 | 140 | / | 60 |
| Arcane Sanctum | 1 | 150 | / | 140 |
| Workshop | 2 | 280 | / | 280 |
| Keep | 1 | 320 | / | 210 |
| Castle | 1 | 360 | / | 210 |
| total: | 55 | 3195g | / | 1705w |
| 0:01 | Peasant |
| 0:01 | Peasant |
| 0:06 | Altar of Kings |
| 0:10 | Peasant |
| 0:19 | Farm |
| 0:21 | Peasant |
| 0:35 | Farm |
| 0:43 | Scout Tower |
| 0:48 | Peasant |
| 0:53 | Peasant |
| 1:06 | Lumber Mill |
| 1:16 | Peasant |
| 1:29 | Scout Tower |
| 1:32 | Peasant |
| 1:34 | Arcane Tower |
| 1:38 | Peasant |
| 1:40 | Peasant |
| 1:47 | Peasant |
| 1:51 | Scout Tower |
| 2:05 | Blizzard |
| 2:09 | Guard Tower |
| 2:10 | Peasant |
| 2:12 | Peasant |
| 2:39 | Guard Tower |
| 2:40 | Scout Tower |
| 2:41 | Scout Tower |
| 2:41 | Scout Tower |
| 2:42 | Scout Tower |
| 2:42 | Scout Tower |
| 2:43 | Peasant |
| 2:43 | Peasant |
| 3:07 | Guard Tower |
| 3:32 | Guard Tower |
| 3:36 | Keep |
| 3:43 | Scout Tower |
| 3:48 | Scout Tower |
| 3:58 | Guard Tower |
| 4:13 | Staff of Teleportation |
| 4:13 | Boots of Speed |
| 4:17 | Arcane Tower |
| 4:20 | Scout Tower |
| 4:27 | Guard Tower |
| 5:19 | Guard Tower |
| 5:22 | Farm |
| 5:22 | Farm |
| 5:24 | Brilliance Aura |
| 5:33 | Scout Tower |
| 5:33 | Scout Tower |
| 5:34 | Scout Tower |
| 5:35 | Scout Tower |
| 6:04 | Arcane Sanctum |
| 6:56 | Guard Tower |
| 6:57 | Arcane Tower |
| 6:59 | Guard Tower |
| 7:02 | Storm Bolt |
| 7:05 | Arcane Vault |
| 7:07 | Guard Tower |
| 7:12 | Healing Salve |
| 7:21 | Magic Sentry |
| 8:13 | Castle |
| 8:14 | Guard Tower |
| 8:17 | Scout Tower |
| 8:45 | Improved Masonry |
| 8:45 | Improved Lumber Harvesting |
| 8:48 | Guard Tower |
| 8:51 | Scout Tower |
| 9:00 | Healing Salve |
| 9:14 | Priest |
| 9:49 | Scout Tower |
| 9:50 | Scout Tower |
| 9:54 | Guard Tower |
| 10:12 | Advanced Masonry |
| 10:20 | Guard Tower |
| 10:26 | Scout Tower |
| 11:02 | Guard Tower |
| 11:45 | Scout Tower |
| 11:46 | Scout Tower |
| 11:49 | Staff of Sanctuary |
| 11:55 | Holy Light |
| 12:04 | Boots of Speed |
| 12:04 | Staff of Teleportation |
| 12:22 | Guard Tower |
| 12:26 | Guard Tower |
| 12:48 | Guard Tower |
| 12:50 | Scout Tower |
| 12:50 | Scout Tower |
| 12:51 | Scout Tower |
| 12:51 | Scout Tower |
| 12:51 | Scout Tower |
| 13:27 | Guard Tower |
| 13:51 | Staff of Sanctuary |
| 13:51 | Staff of Sanctuary |
| 13:51 | Staff of Sanctuary |
| 14:19 | Guard Tower |
| 14:24 | Imbued Masonry |
| 14:25 | Advanced Lumber Harvesting |
| 15:42 | Blizzard |
| 15:43 | Bash |
| 15:58 | Staff of Sanctuary |
| 16:06 | Guard Tower |
| 16:45 | Boots of Speed |
| 16:46 | Periapt of Vitality |
| 17:04 | Scout Tower |
| 17:05 | Scout Tower |
| 17:05 | Scout Tower |
| 17:06 | Scout Tower |
| 17:15 | Staff of Teleportation |
| 18:20 | Brilliance Aura |
| 18:49 | Storm Bolt |
| 18:56 | Arcane Tower |
| 18:56 | Arcane Tower |
| 18:57 | Arcane Tower |
| 18:59 | Divine Shield |
| 20:33 | Scout Tower |
| 20:34 | Scout Tower |
| 20:34 | Scout Tower |
| 20:35 | Scout Tower |
| 20:35 | Scout Tower |
| 20:36 | Scout Tower |
| 20:36 | Scout Tower |
| 20:36 | Scout Tower |
| 21:07 | Guard Tower |
| 21:48 | Guard Tower |
| 21:50 | Town Hall |
| 22:18 | Guard Tower |
| 23:13 | Blacksmith |
| 23:20 | Farm |
| 23:22 | Farm |
| 23:23 | Farm |
| 23:24 | Farm |
| 24:01 | Workshop |
| 24:02 | Workshop |
| 25:31 | Siege Engine |
| 25:32 | Siege Engine |
| 25:35 | Black Gunpowder |
| Right click | 2011 |
| Select | 569 |
| Select group | 423 |
| Build/train/purchase | 185 |
| Chat | 102 |
| Use ability | 86 |
| Minimap ping | 29 |
| Misc. action | 24 |
| Assign group | 13 |
| Resource trade | 11 |
| Item give/drop | 3 |
| Remove unit | 1 |



| Orb of Venom | 1 | 325 |
| Staff of Teleportation | 3 | 450 |
| Boots of Speed | 3 | 750 |
| Circlet of Nobility | 3 | 525 |
| Periapt of Vitality | 1 | 325 |
| Staff of Sanctuary | 2 | 500 |
| total: | 13 | 2875g |
| Wisp | 36 | 2160 | / | 0 |
| total: | 36 | 2160g | / | 0w |
| Altar of Elders | 1 | 180 | / | 50 |
| Moon Well | 7 | 1260 | / | 280 |
| Tree of Life | 7 | 2380 | / | 1295 |
| Hunter's Hall | 1 | 210 | / | 100 |
| Ancient of Wonders | 1 | 90 | / | 30 |
| Tree of Ages | 1 | 320 | / | 180 |
| Tree of Eternity | 1 | 330 | / | 200 |
| total: | 17 | 4120g | / | 1755w |
| 0:03 | Wisp |
| 0:03 | Wisp |
| 0:06 | Altar of Elders |
| 0:11 | Moon Well |
| 0:23 | Wisp |
| 0:33 | Wisp |
| 0:49 | Moon Well |
| 0:54 | Wisp |
| 1:00 | Wisp |
| 1:22 | Wisp |
| 1:22 | Wisp |
| 1:46 | Wisp |
| 1:46 | Wisp |
| 2:13 | Wisp |
| 2:16 | Entangling Roots |
| 3:11 | Wisp |
| 3:11 | Wisp |
| 3:11 | Wisp |
| 4:12 | Tree of Ages |
| 4:34 | Tree of Life |
| 4:37 | Thorns Aura |
| 4:51 | Moon Well |
| 4:52 | Moon Well |
| 5:03 | Staff of Teleportation |
| 5:03 | Boots of Speed |
| 5:09 | Circlet of Nobility |
| 6:15 | Hunter's Hall |
| 6:42 | Tree of Eternity |
| 8:05 | Trueshot Aura |
| 8:53 | Tree of Life |
| 8:59 | Ancient of Wonders |
| 9:07 | Entangling Roots |
| 9:27 | Frost Arrows |
| 10:13 | Searing Arrows |
| 10:37 | Tree of Life |
| 10:42 | Tree of Life |
| 10:48 | Well Spring |
| 10:51 | Orb of Venom |
| 11:05 | Moon Well |
| 12:11 | Staff of Teleportation |
| 12:11 | Boots of Speed |
| 12:12 | Circlet of Nobility |
| 12:25 | Mana Shield |
| 12:47 | Tree of Life |
| 12:49 | Nature's Blessing |
| 12:54 | Wisp |
| 12:54 | Wisp |
| 12:54 | Wisp |
| 12:55 | Wisp |
| 12:56 | Wisp |
| 13:20 | Ultravision |
| 13:22 | Wisp |
| 13:23 | Wisp |
| 13:23 | Wisp |
| 13:36 | Staff of Sanctuary |
| 13:44 | Moon Well |
| 14:40 | Trueshot Aura |
| 15:46 | Thorns Aura |
| 17:01 | Frost Arrows |
| 17:17 | Wisp |
| 17:17 | Wisp |
| 17:18 | Wisp |
| 17:18 | Wisp |
| 17:19 | Wisp |
| 17:23 | Tree of Life |
| 18:30 | Moon Well |
| 18:34 | Tree of Life |
| 19:01 | Staff of Sanctuary |
| 19:27 | Circlet of Nobility |
| 19:59 | Searing Arrows |
| 20:10 | Entangling Roots |
| 20:53 | Periapt of Vitality |
| 20:53 | Boots of Speed |
| 20:53 | Staff of Teleportation |
| 22:35 | Wisp |
| 22:36 | Wisp |
| 22:36 | Wisp |
| 22:36 | Wisp |
| 22:37 | Wisp |
| 22:39 | Wisp |
| 22:39 | Wisp |
| 22:39 | Wisp |
| 22:39 | Wisp |
| 25:51 | Mana Shield |
| Right click | 1400 |
| Select group | 625 |
| Select | 217 |
| Build/train/purchase | 91 |
| Resource trade | 89 |
| Use ability | 56 |
| Misc. action | 46 |
| Minimap ping | 21 |
| Assign group | 7 |
| Chat | 5 |
| Item give/drop | 4 |
| Esc | 4 |



| Lesser Clarity Potion | 2 | 140 |
| Scroll of Regeneration | 1 | 100 |
| Staff of Sanctuary | 1 | 250 |
| Boots of Speed | 4 | 1000 |
| Staff of Teleportation | 3 | 450 |
| Healing Salve | 2 | 200 |
| Orb of Venom | 1 | 325 |
| Moonstone | 1 | 50 |
| total: | 15 | 2515g |
| Peasant | 35 | 2625 | / | 0 |
| total: | 35 | 2625g | / | 0w |
| Scout Tower | 148 | 4440 | / | 2960 |
| Arcane Tower | 12 | 840 | / | 600 |
| Guard Tower | 30 | 2100 | / | 1500 |
| Altar of Kings | 1 | 180 | / | 50 |
| Farm | 3 | 240 | / | 60 |
| Lumber Mill | 2 | 240 | / | 0 |
| Town Hall | 2 | 770 | / | 410 |
| Arcane Vault | 1 | 130 | / | 30 |
| Arcane Sanctum | 1 | 150 | / | 140 |
| Keep | 1 | 320 | / | 210 |
| Castle | 1 | 360 | / | 210 |
| total: | 158 | 6150g | / | 3650w |
| 0:02 | Peasant |
| 0:02 | Peasant |
| 0:06 | Altar of Kings |
| 0:15 | Farm |
| 0:20 | Peasant |
| 0:27 | Peasant |
| 0:36 | Peasant |
| 0:42 | Farm |
| 0:45 | Peasant |
| 1:03 | Peasant |
| 1:06 | Lumber Mill |
| 1:15 | Peasant |
| 1:25 | Scout Tower |
| 1:27 | Peasant |
| 1:37 | Farm |
| 1:44 | Scout Tower |
| 1:52 | Peasant |
| 1:58 | Scout Tower |
| 2:00 | Arcane Tower |
| 2:03 | Scout Tower |
| 2:05 | Peasant |
| 2:07 | Blizzard |
| 2:13 | Arcane Tower |
| 2:14 | Scout Tower |
| 2:20 | Peasant |
| 2:20 | Peasant |
| 2:28 | Scout Tower |
| 2:36 | Guard Tower |
| 2:45 | Scout Tower |
| 2:46 | Scout Tower |
| 2:47 | Peasant |
| 2:47 | Peasant |
| 3:03 | Guard Tower |
| 3:04 | Scout Tower |
| 3:05 | Scout Tower |
| 3:12 | Guard Tower |
| 3:20 | Scout Tower |
| 3:26 | Guard Tower |
| 3:27 | Peasant |
| 3:29 | Scout Tower |
| 3:30 | Scout Tower |
| 3:38 | Arcane Tower |
| 3:42 | Scout Tower |
| 3:46 | Healing Salve |
| 3:49 | Lesser Clarity Potion |
| 3:55 | Guard Tower |
| 4:07 | Guard Tower |
| 4:09 | Scout Tower |
| 4:10 | Scout Tower |
| 4:14 | Scout Tower |
| 4:17 | Scout Tower |
| 4:24 | Scout Tower |
| 4:42 | Arcane Tower |
| 4:47 | Arcane Tower |
| 4:48 | Peasant |
| 4:48 | Peasant |
| 5:08 | Guard Tower |
| 5:30 | Keep |
| 5:36 | Scout Tower |
| 5:36 | Scout Tower |
| 5:50 | Scout Tower |
| 5:51 | Scout Tower |
| 5:51 | Scout Tower |
| 6:03 | Scout Tower |
| 6:05 | Scout Tower |
| 6:07 | Scout Tower |
| 6:16 | Guard Tower |
| 6:18 | Scout Tower |
| 6:19 | Scout Tower |
| 6:19 | Scout Tower |
| 6:20 | Scout Tower |
| 6:26 | Guard Tower |
| 6:38 | Scout Tower |
| 6:39 | Scout Tower |
| 6:42 | Scout Tower |
| 6:43 | Scout Tower |
| 6:44 | Scout Tower |
| 6:44 | Scout Tower |
| 6:46 | Brilliance Aura |
| 6:57 | Scout Tower |
| 6:57 | Scout Tower |
| 6:58 | Scout Tower |
| 6:58 | Scout Tower |
| 7:04 | Guard Tower |
| 7:19 | Guard Tower |
| 7:24 | Guard Tower |
| 7:37 | Town Hall |
| 7:38 | Scout Tower |
| 7:39 | Scout Tower |
| 8:00 | Healing Salve |
| 8:13 | Scout Tower |
| 8:15 | Scout Tower |
| 8:15 | Scout Tower |
| 8:16 | Scout Tower |
| 8:38 | Guard Tower |
| 8:42 | Scout Tower |
| 8:46 | Scout Tower |
| 8:52 | Flame Strike |
| 8:59 | Guard Tower |
| 9:01 | Peasant |
| 9:01 | Peasant |
| 9:01 | Peasant |
| 9:13 | Guard Tower |
| 9:26 | Peasant |
| 9:26 | Peasant |
| 9:30 | Guard Tower |
| 10:19 | Castle |
| 10:37 | Guard Tower |
| 11:03 | Arcane Vault |
| 11:40 | Siphon Mana |
| 11:46 | Improved Masonry |
| 11:47 | Improved Lumber Harvesting |
| 11:49 | Scout Tower |
| 11:49 | Scout Tower |
| 11:50 | Scout Tower |
| 11:50 | Scout Tower |
| 11:53 | Scout Tower |
| 11:53 | Scout Tower |
| 11:54 | Scout Tower |
| 11:54 | Scout Tower |
| 11:57 | Town Hall |
| 12:16 | Boots of Speed |
| 12:22 | Scout Tower |
| 12:25 | Scout Tower |
| 12:26 | Scout Tower |
| 12:26 | Scout Tower |
| 12:27 | Scout Tower |
| 12:27 | Scout Tower |
| 12:48 | Guard Tower |
| 12:50 | Scout Tower |
| 12:50 | Scout Tower |
| 12:51 | Scout Tower |
| 12:53 | Peasant |
| 12:53 | Peasant |
| 12:53 | Peasant |
| 12:53 | Peasant |
| 12:53 | Peasant |
| 13:35 | Guard Tower |
| 13:43 | Guard Tower |
| 13:46 | Scroll of Regeneration |
| 13:56 | Advanced Lumber Harvesting |
| 13:56 | Advanced Masonry |
| 14:16 | Staff of Teleportation |
| 14:16 | Boots of Speed |
| 14:27 | Scout Tower |
| 14:27 | Scout Tower |
| 14:28 | Scout Tower |
| 14:28 | Scout Tower |
| 14:29 | Scout Tower |
| 14:29 | Scout Tower |
| 14:31 | Guard Tower |
| 14:38 | Blizzard |
| 14:50 | Guard Tower |
| 14:51 | Peasant |
| 14:51 | Peasant |
| 14:51 | Peasant |
| 14:51 | Peasant |
| 15:00 | Rain of Fire |
| 15:08 | Boots of Speed |
| 15:11 | Rain of Fire |
| 15:13 | Staff of Teleportation |
| 15:44 | Scout Tower |
| 15:44 | Scout Tower |
| 15:45 | Scout Tower |
| 15:46 | Scout Tower |
| 15:46 | Scout Tower |
| 15:47 | Scout Tower |
| 15:48 | Scout Tower |
| 15:49 | Scout Tower |
| 15:50 | Scout Tower |
| 15:50 | Scout Tower |
| 15:51 | Scout Tower |
| 15:52 | Scout Tower |
| 15:53 | Scout Tower |
| 15:53 | Scout Tower |
| 16:14 | Guard Tower |
| 16:25 | Guard Tower |
| 16:27 | Staff of Sanctuary |
| 16:29 | Orb of Venom |
| 16:30 | Moonstone |
| 16:32 | Lesser Clarity Potion |
| 16:43 | Guard Tower |
| 16:45 | Peasant |
| 16:45 | Peasant |
| 16:45 | Peasant |
| 16:49 | Scout Tower |
| 16:49 | Scout Tower |
| 16:51 | Scout Tower |
| 16:51 | Scout Tower |
| 16:52 | Scout Tower |
| 16:52 | Scout Tower |
| 16:53 | Scout Tower |
| 16:53 | Scout Tower |
| 16:54 | Scout Tower |
| 16:55 | Scout Tower |
| 16:56 | Scout Tower |
| 16:56 | Scout Tower |
| 16:56 | Scout Tower |
| 16:57 | Scout Tower |
| 16:58 | Scout Tower |
| 16:58 | Scout Tower |
| 16:58 | Scout Tower |
| 17:05 | Guard Tower |
| 17:28 | Guard Tower |
| 17:32 | Staff of Teleportation |
| 17:33 | Boots of Speed |
| 17:56 | Guard Tower |
| 17:59 | Scout Tower |
| 17:59 | Scout Tower |
| 18:00 | Scout Tower |
| 18:00 | Scout Tower |
| 18:01 | Scout Tower |
| 18:01 | Scout Tower |
| 19:04 | Guard Tower |
| 19:10 | Guard Tower |
| 19:17 | Arcane Sanctum |
| 19:58 | Magic Sentry |
| 20:03 | Arcane Tower |
| 20:55 | Scout Tower |
| 20:55 | Scout Tower |
| 20:55 | Scout Tower |
| 20:56 | Scout Tower |
| 21:30 | Scout Tower |
| 21:30 | Scout Tower |
| 21:30 | Scout Tower |
| 21:30 | Scout Tower |
| 21:31 | Scout Tower |
| 21:31 | Scout Tower |
| 21:31 | Scout Tower |
| 21:32 | Scout Tower |
| 21:32 | Scout Tower |
| 21:32 | Scout Tower |
| 21:33 | Scout Tower |
| 21:33 | Scout Tower |
| 21:33 | Scout Tower |
| 21:34 | Scout Tower |
| 21:35 | Scout Tower |
| 21:35 | Scout Tower |
| 21:35 | Scout Tower |
| 21:35 | Scout Tower |
| 21:36 | Scout Tower |
| 21:36 | Scout Tower |
| 21:36 | Scout Tower |
| 21:36 | Scout Tower |
| 21:37 | Scout Tower |
| 21:37 | Scout Tower |
| 21:39 | Scout Tower |
| 21:40 | Scout Tower |
| 21:40 | Scout Tower |
| 21:40 | Scout Tower |
| 21:40 | Scout Tower |
| 21:40 | Scout Tower |
| 21:41 | Scout Tower |
| 21:41 | Scout Tower |
| 21:41 | Scout Tower |
| 21:41 | Scout Tower |
| 21:41 | Scout Tower |
| 21:46 | Arcane Tower |
| 21:59 | Lumber Mill |
| 22:05 | Cleaving Attack |
| 22:44 | Arcane Tower |
| 23:26 | Arcane Tower |
| 23:29 | Arcane Tower |
| 24:22 | Arcane Tower |
| 24:43 | Flame Strike |
| 25:56 | Arcane Tower |
| Right click | 802 |
| Select group | 383 |
| Select | 277 |
| Build/train/purchase | 150 |
| Use ability | 124 |
| Chat | 37 |
| Misc. action | 33 |
| Resource trade | 28 |
| Assign group | 20 |
| Esc | 5 |
| Item give/drop | 4 |
| Minimap ping | 1 |
⇛